 Dungeon Crawl Stone Soup version 0.21.1-1-g345015fe64 (webtiles) character file.

718 Gargoyl the Distorting Centaur (level 7, -3/59 HPs)
             Began as a Centaur Abyssal Knight on Mar 7, 2018.
             Was a Believer of Lugonu.
             Slain by Edmund
             ... wielding a +2 flail of protection
              (6 damage)
             ... on level 4 of the Dungeon.
             The game lasted 00:06:51 (3302 turns).

Gargoyl the Distorting Centaur (CeAK)               Turns: 3302, Time: 00:06:51

Health: -3/59      AC:  9    Str: 14    XL:     7   Next: 42%
Magic:  10/10      EV:  4    Int: 11    God:    Lugonu [**....]
Gold:   166        SH:  3    Dex: 11    Spells: 6/6 levels left

rFire    . . .     SeeInvis +   a - +2 hand axe
rCold    . . .     Gourm    .   h - +0 buckler
rNeg     . . .     Faith    .   g - +1 chain mail
rPois    .         Spirit   .   (no helmet)
rElec    .         Reflect  .   (no cloak)
rCorr    .         Harm     .   (no gloves)
MR       .....                  (no barding)
Stlth    ..........             (no amulet)
HPRegen  0.19/turn              i - ring of see invisible
MPRegen  0.12/turn              (no ring)

@: very quick
A: large, hooves 3, deformed body, speed 2, tough skin 3
a: Depart the Abyss, Bend Space, Renounce Religion


You were on level 4 of the Dungeon.
You worshipped Lugonu.
Lugonu was pleased with you.
You were not hungry.

You visited 1 branch of the dungeon, and saw 4 of its levels.
You visited the Abyss 1 time.

You collected 166 gold pieces.

Inventory:

Hand Weapons
 a - a +2 hand axe (weapon)
Armour
 g - a +1 chain mail (worn)
 h - a +0 buckler (worn)
Jewellery
 i - a ring of see invisible (left hand)
Wands
 e - a wand of polymorph (24)
Scrolls
 j - a scroll of teleportation
 n - a scroll of enchant armour
 o - a scroll of identify
 s - a scroll of enchant weapon
Potions
 b - 2 potions of might {unknown}
 k - 3 potions of curing {unknown}
 m - 2 potions of agility {unknown}
 p - a potion of experience {unknown}
 r - 3 potions of degeneration {unknown}
Books
 f - a book of Minor Magic

   Spells                             Type                      Level
   a - Magic Dart                     Conjuration                  1
   b - Blink                          Translocation                2
   c - Call Imp                       Summoning                    2
   d - Slow                           Hexes                        2
   e - Conjure Flame                  Conjuration/Fire             3
   f - Mephitic Cloud                 Conjuration/Poison/Air       3
Miscellaneous
 d - a lightning rod (4/4)
Comestibles
 c - 8 rations


   Skills:
 + Level 4.2 Fighting
 + Level 3.6 Axes
 * Level 4.1 Armour
 + Level 1.1 Dodging
 + Level 0.3 Shields
 * Level 4.4 Invocations


You had 6 spell levels left.
You didn't know any spells.

Dungeon Overview and Level Annotations

Branches:
Dungeon (4/15)             Temple (0/1) D:4

Altars:
Ashenzari
Cheibriados
Vehumet

Annotations:
D:4 Edmund


Innate Abilities, Weirdness & Mutations

You have hooves in place of feet.
Armour fits poorly on your strangely shaped body.
You cover ground very quickly.
You have extremely tough skin. (AC +3)


Message History

You hit Edmund but do no damage.
Edmund is moderately wounded.
You block Edmund's attack.
You hit Edmund. Your kick misses Edmund.
Edmund is moderately wounded.
Edmund hits you with a flail of protection.
* * * LOW HITPOINT WARNING * * *
You hit Edmund. You kick Edmund, but do no damage.
Edmund is moderately wounded.
Edmund hits you but does no damage.
You hit Edmund. Your kick misses Edmund.
Edmund is moderately wounded.
Edmund completely misses you.
You hit Edmund but do no damage.
Edmund is moderately wounded.
Edmund barely misses you.
You hit Edmund but do no damage. You kick Edmund, but do no damage.
Edmund is moderately wounded.
Edmund hits you with a flail of protection.
You die...

#............#.......#
#.#...#...##...#####.#
#.##..#...###.######
..........# #.# #.$
.#.#.#.#..# #.# #.# #
..........###.###.##.#
.......#......#.....
..........#####.#.#
...>...#.$......@.#
.........######@###
.......#.# #.#
.........# #.#
.#.#(#.#.# #..
.......... ...
###.#p#.## #..# # .. .
#...


You could see Edmund.

Vanquished Creatures
  Pikel (D:4)
  A hound (D:4)
  Jessica (D:2)
  An iguana (D:4)
  Natasha (twice) (D:3)
  A gnoll (D:2)
  4 adders
  An ooze (D:1)
  3 worms
  A dart slug (D:2)
  A leopard gecko (D:1)
  An orc (D:3)
  11 bats
  5 giant cockroaches
  10 goblins
  8 hobgoblins
  7 jackals
  2 quokkas (D:2)
  A ball python (D:3)
  6 frilled lizards
  5 kobolds
  4 rats
77 creatures vanquished.

Vanquished Creatures (others)
  2 starspawn tentacles (Abyss:1)
2 creatures vanquished.

Grand Total: 79 creatures vanquished

Notes
Turn   | Place    | Note
-------+----------+-------------------------------------------
     0 | Abyss:1  | Gargoyl the Centaur Abyssal Knight began the quest for the Orb.
     0 | Abyss:1  | Reached XP level 1. HP: 19/19 MP: 2/2
    22 | Abyss:1  | Noticed a tentacled starspawn
    40 | Abyss:2  | Found a corrupted altar of Lugonu.
    42 | Abyss:2  | Found a hazy altar of Hepliaklqana.
   101 | Abyss:2  | Noticed a raiju
   101 | D:1      | Escaped the Abyss
   277 | D:1      | Reached XP level 2. HP: 22/26 MP: 3/3
   657 | D:1      | Reached * piety under Lugonu
   720 | D:1      | You fall through a shaft!
   726 | D:2      | Reached XP level 3. HP: 29/33 MP: 4/4
  1461 | D:2      | Found a radiant altar of Vehumet.
  1507 | D:2      | Found a snail-covered altar of Cheibriados.
  1511 | D:2      | Reached XP level 4. HP: 37/40 MP: 5/5
  1550 | D:2      | Noticed Jessica
  1561 | D:2      | Killed Jessica
  2041 | D:3      | Found a shattered altar of Ashenzari.
  2110 | D:3      | Found a faded altar of an unknown god.
  2280 | D:3      | Reached ** piety under Lugonu
  2318 | D:3      | Reached XP level 5. HP: 46/46 MP: 7/7
  2343 | D:3      | Noticed Natasha
  2353 | D:3      | Killed Natasha
  2769 | D:3      | Noticed Natasha
  2777 | D:3      | Killed Natasha
  2890 | D:4      | Noticed a slave
  2890 | D:4      | Noticed a slave
  2895 | D:4      | Noticed Pikel
  2898 | D:4      | Noticed a slave
  2914 | D:4      | Killed Pikel
  2914 | D:4      | Reached skill level 1 in Dodging
  2914 | D:4      | Reached XP level 6. HP: 12/52 MP: 7/9
  2914 | D:4      | Reached XP level 7. HP: 13/59 MP: 7/10
  3245 | D:4      | Found a staircase to the Ecumenical Temple.
  3282 | D:4      | Noticed Edmund
  3298 | D:4      | HP: 2/59 [Edmund/flail of protection (4)]
  3302 | D:4      | Slain by Edmund

Skill      XL: |  1  2  3  4  5 |
---------------+----------------+-----
Armour         | 2 4 |  4.1
Axes           | 2 3 |  3.6
Invocations    | 3 4 |  4.4
Fighting       | 4 |  4.2
Dodging        | 1 |  1.1
Shields        | |  0.3

Action                   |  1- 3 |  4- 6 |  7- 9 || total
-------------------------+-------+-------+-------++-------
Melee: Hand axe          |   114 |   109 |    45 ||   268
       Kick              |    12 |    30 |     9 ||    51
Invok: Depart the Abyss  |     1 |       |       ||     1
  Use: Potion            |     2 |       |       ||     2
       Scroll            |     2 |     7 |       ||     9
  Eat: Chunk             |     1 |     4 |     1 ||     6
Armor: Chain mail        |   126 |    94 |    24 ||   244
       Skin              |     5 |       |       ||     5
Dodge: Dodged            |    37 |    23 |     5 ||    65
Block: Buckler           |       |    12 |     3 ||    15
